 Dungeon Crawl Stone Soup version 0.22-a0-247-gbddf880 (webtiles) character file.

60 mhoghedin the Ruffian (level 4, -8/34 (40) HPs)
             Began as a Ghoul Monk on Feb 24, 2018.
             Was a Follower of Yredelemnul.
             Killed from afar by an orc wizard (10 damage)
             ... with a puff of flame
             ... on level 3 of the Dungeon.
             The game lasted 00:03:10 (2211 turns).

mhoghedin the Ruffian (Ghoul Monk)                  Turns: 2211, Time: 00:03:10

HP:   -8/34 (40)    AC:  2    Str: 15    XL:     4   Next: 4%
MP:   3/3           EV: 13    Int:  5    God:    Yredelemnul [*.....]
Gold: 49            SH:  0    Dex: 11    Spells: 3/3 levels left

rFire    . . .     SeeInvis .     - Unarmed
rCold    + . .     Gourm    .   (no shield)
rNeg     + + +     Faith    .   a - +0 robe
rPois    ∞         Spirit   .   (no helmet)
rElec    .         Reflect  .   (no cloak)
rCorr    .         Harm     .   (no gloves)
MR       .....                  (no boots)
Stlth    ++........             (no amulet)
HPRegen  0.00/turn              (no ring)
MPRegen  0.08/turn              (no ring)

@: about to teleport, rotting
A: rotting body, claws 1, carnivore, cold resistance 1, negative energy
resistance 3, inhibited regeneration, torment resistance, unbreathing
a: Animate Remains, Renounce Religion


You were on level 3 of the Dungeon.
You worshipped Yredelemnul.
Yredelemnul was aware of your devotion.
You were very hungry.

You visited 1 branch of the dungeon, and saw 3 of its levels.

You collected 49 gold pieces.

Inventory:

Armour
 a - a +0 robe (worn)
 j - a +2 pair of gloves of strength
   (You found it on level 2 of the Dungeon)
Jewellery
 h - a +2 ring of strength {unknown}
   (You found it on level 2 of the Dungeon)
Scrolls
 c - a scroll of random uselessness {unknown}
 g - 3 scrolls of magic mapping {unknown}
 k - a scroll of immolation {unknown}
 l - 4 scrolls of identify {unknown}
Potions
 e - a potion of lignification
 i - a potion of curing {unknown}
Comestibles
 b - 4 rations


   Skills:
 + Level 4.0 Fighting
 + Level 3.3 Dodging
 - Level 2.1 Stealth
 + Level 4.1 Unarmed Combat


You had 3 spell levels left.
You didn't know any spells.

Dungeon Overview and Level Annotations

Branches:
Dungeon (3/15)

Altars:
Trog
Yredelemnul

Annotations:
D:2 Robin


Innate Abilities, Weirdness & Mutations

Your body is rotting away.
You thrive on raw meat.
You are immune to poison.
You have sharp fingernails.
You are carnivorous and can eat meat at any time.
Your flesh is cold resistant. (rC+)
You are immune to negative energy. (rN+++)
You do not regenerate when monsters are visible.
You are immune to unholy pain and torment.
You can survive without breathing.


Message History

An orc comes into view. It is wielding a club.
An orc wizard comes into view. It is wielding a dagger.
The orc shouts!
You hear a shout!
The orc shouts!
You hear a shout!
A giant cockroach and 2 orcs come into view.
A bat and an orc come into view.
You are feeling very hungry.
The orc wizard shouts!
The orc shouts! x2
You closely miss the orc. The giant cockroach closely misses you.
An orc comes into view. It is wielding a war axe.
You barely miss the orc. The giant cockroach closely misses you.
The orc hits you with a flail.
You hit the orc wizard but do no damage.
The giant cockroach misses you.
You closely miss the orc wizard. The giant cockroach closely misses you.
The orc wizard hits you but does no damage.
You take 4 damage, and have 30/34 hp.
You closely miss the orc wizard.
The giant cockroach bites you but does no damage.
The orc closely misses you. The orc wizard barely misses you.
The giant cockroach bites you but does no damage.
You closely miss the orc wizard.
The orc wizard hits you but does no damage.
The orc hits you with a club. The giant cockroach barely misses you.
You take 3 damage, and have 27/34 hp.
You closely miss the orc wizard.
The giant cockroach bites you but does no damage.
You hit the orc wizard. The giant cockroach barely misses you.
The orc hits you but does no damage.
An orc comes into view. It is wielding a hand axe.
You barely miss the orc wizard.
The giant cockroach bites you but does no damage.
The orc wizard barely misses you.
The orc shouts!
You hit the orc wizard but do no damage.
The orc closely misses you. The giant cockroach barely misses you.
The orc wizard gestures at you while chanting.
You are confused.
You are too confused!
You hit the orc. The orc hits you but does no damage.
The orc wizard mumbles some strange words.
The orc wizard flickers and vanishes!
Deactivating autopickup; reactivate with Ctrl-A.
You barely miss the orc. The orc misses you.
You closely miss the orc. The orc closely misses you.
You feel less confused.
Keep disrobing?
You start removing your armour.
You continue taking off your +2 pair of gloves of strength. x2
Something hits you.
You continue taking off your +2 pair of gloves of strength.
Something hits you.
You continue taking off your +2 pair of gloves of strength.
Something hits you but does no damage.
You finish taking off your +2 pair of gloves of strength.
You feel weaker.
You take 6 damage, and have 21/34 hp.
You barely miss something. Something hits you.
You take 1 damage, and have 20/34 hp.
You barely miss something. Something hits you.
You take 2 damage, and have 18/34 hp.
You miss something. Something hits you.
You take 3 damage, and have 15/34 hp.
It was a potion of lignification.
You feel woody for a moment. Something hits you but does no damage.
You miss something. Something hits you.
You take 1 damage, and have 14/34 hp.
You closely miss something. Something barely misses you.
Okay, then.
Unknown command.
It was a potion of berserk rage.
You cannot raise a blood rage in your lifeless body.
Something hits you.
You take 1 damage, and have 13/34 hp.
You miss something. Something hits you.
You take 2 damage, and have 11/34 hp.
You claw something! Something hits you.
* * * LOW HITPOINT WARNING * * *
You take 2 damage, and have 9/34 hp.
You scratch something. Something hits you.
* * * LOW HITPOINT WARNING * * *
You take 3 damage, and have 6/34 hp.
You scratch something but do no damage. Something hits you but does no damage.
You scratch something but do no damage. Something hits you.
* * * LOW HITPOINT WARNING * * *
You take 2 damage, and have 4/34 hp.
As you read the scroll of teleportation, it crumbles to dust.
You feel strangely unstable. Something hits you.
* * * LOW HITPOINT WARNING * * *
You take 2 damage, and have 2/34 hp.
Unknown command.
You closely miss something. Something hits you but does no damage.
You barely miss something. Something hits you but does no damage.
You scratch something. You barely miss something.
You hear some strange, mumbled words.
A puff of flame appears from out of thin air!
The puff of flame hits you!
You die...
Yredelemnul claims you as an undead slave.

#... #... #...# +....
#...# #...% #...# ...
+...+.
.#####o##############...#.
.....ooo{@................
.#####o######..........#.#
... #...######.#.# ###.
##'#.......#.# ..
#.##...##.#.# ..
#.####.##...# ...
#......##.#.. ...
#########.#.# .........


You could see 5 orcs.

Vanquished Creatures
  2 adders (D:2)
  A dart slug (D:1)
  A leopard gecko (D:2)
  A ball python (D:1)
  5 bats
  4 giant cockroaches
  5 goblins
  3 hobgoblins (D:2)
  4 jackals (D:1)
  2 frilled lizards
  3 kobolds
  6 rats
37 creatures vanquished.

Notes
Turn   | Place    | Note
-------+----------+-------------------------------------------
     0 | D:1      | mhoghedin the Ghoul Monk began the quest for the Orb.
     0 | D:1      | Reached XP level 1. HP: 19/19 MP: 0/0
   369 | D:1      | Reached XP level 2. HP: 26/26 MP: 1/1
   469 | D:1      | Reached skill level 3 in Dodging
   826 | D:2      | Reached XP level 3. HP: 22/33 MP: 2/2
  1068 | D:2      | Found a bloodstained altar of Trog.
  1194 | D:2      | Reached skill level 4 in Unarmed Combat
  1202 | D:2      | Noticed Robin
  1218 | D:2      | HP: 8/32 [bat (1)]
  1445 | D:2      | Reached skill level 4 in Fighting
  1537 | D:2      | Found a basalt altar of Yredelemnul.
  1605 | D:2      | Reached XP level 4. HP: 38/38 MP: 3/3
  1934 | D:2      | Became a worshipper of Yredelemnul the Dark
  1934 | D:2      | Reached * piety under Yredelemnul
  1934 | D:2      | Reached ** piety under Yredelemnul
  2204 | D:3      | HP: 6/34 [something (3)]
  2207 | D:3      | HP: 2/34 [something (2)]
  2211 | D:3      | Killed from afar by an orc wizard

Vault maps used:
D:1:      lemuel_arrival_lava_pool
D:2:      bloody_trog, overflow_temple_1_default, uniq_robin
D:3:      lemuel_crystal_altar, minitemple, minmay_close_crescents

Skill      XL: |  1  2  3 |
---------------+----------+-----
Dodging        | 3 |  3.3
Unarmed Combat | 4 |  4.1
Fighting       | 4 |  4.0
Stealth        | |  2.1

Action                   |  1- 3 |  4- 6 || total
-------------------------+-------+-------++-------
Melee: Unarmed           |   120 |    42 ||   162
  Use: Scroll            |     1 |     1 ||     2
       Potion            |       |     2 ||     2
 Stab: Sleeping          |     5 |       ||     5
  Eat: Chunk             |     7 |       ||     7
Armor: Robe              |    30 |    18 ||    48
Dodge: Dodged            |   110 |    30 ||   140

Table legend:
 A = Spawn XP
 B = Non-spawn XP
 C = Spawn XP percentage of total XP
 D = Spawn monster count
 E = Non-spawn monster count
 F = Spawn count percentage of total count
 G = Total turns spent on level
                    A         B        C        D         E        F      G
               +---------+---------+-------+---------+---------+-------+---------
         Total |       0 |      86 |   0.0 |       0 |      37 |   0.0 |  2211
               +---------+---------+-------+---------+---------+-------+---------
           D:1 |       0 |      31 |   0.0 |       0 |      19 |   0.0 |   807
           D:2 |       0 |      53 |   0.0 |       0 |      17 |   0.0 |  1186
           D:3 |       0 |       2 |   0.0 |       0 |       1 |   0.0 |   218
               +---------+---------+-------+---------+---------+-------+---------

Vault maps used:
D:1:      lemuel_arrival_lava_pool
D:2:      bloody_trog, overflow_temple_1_default, uniq_robin
D:3:      lemuel_crystal_altar, minitemple, minmay_close_crescents

Table legend:
 A = Turns spent in this place as a percentage of turns spent in the entire game.
 B = Non-inter-level travel turns spent in this place as a percentage of non-inter-level travel turns spent in the entire game.
 C = Inter-level travel turns spent in this place as a percentage of turns spent in this place.
 D = Turns resting spent in this place as a percentage of non-inter-level travel turns spent in this place.
 E = Turns spent auto-exploring this place as a percentage of non-inter-level travel turns spent in this place.
 F = Non-inter-level travel turns spent in this place divided by the number of levels of this place that you've seen.
                   A       B       C       D       E      F
               +-------+-------+-------+-------+-------+----------------------
         Total | 100.0 | 100.0 |   5.5 |  22.6 |  61.2 | 696.3
       Dungeon | 100.0 | 100.0 |   5.5 |  22.6 |  61.2 | 696.3
               +-------+-------+-------+-------+-------+----------------------

Table legend:
 A = Kills in this place as a percentage of kills in entire the game.
 B = Kills by you in this place as a percentage of kills by you in the entire game.
 C = Kills by friends in this place as a percentage of kills by friends in the entire game.
 D = Other kills in this place as a percentage of other kills in the entire game.
 E = Experience gained in this place as a percentage of experience gained in the entire game.
 F = Experience gained in this place divided by the number of levels of this place that you have seen.
                   A       B       C       D       E      F
               +-------+-------+-------+-------+-------+----------------------
         Total | 100.0 | 100.0 |   N/A |   N/A | 100.0 |  28.7
       Dungeon | 100.0 | 100.0 |   N/A |   N/A | 100.0 |  28.7
               +-------+-------+-------+-------+-------+----------------------
